 Dungeon Crawl Stone Soup version 0.23.2-40-g277498a001 (webtiles) character file.

Game seed: 109037691615664292

410 Descartes the Skirmisher (level 7, -3/55 HPs)
             Began as a Formicid Abyssal Knight on Oct 9, 2019.
             Was a Believer of Lugonu.
             Slain by Menkaure (10 damage)
             ... on level 4 of the Dungeon.
             The game lasted 00:09:51 (5094 turns).

Descartes the Skirmisher (Formicid Abyssal Knight)  Turns: 5094, Time: 00:09:53

Health: -3/55      AC:  7    Str: 19    XL:     7   Next: 13%
Magic:  10/10      EV: 10    Int: 11    God:    Lugonu [**....]
Gold:   170        SH:  9    Dex: 10    Spells: 6/6 levels left

rFire    . . .     SeeInvis +   a - +1 hand axe
rCold    + . .     Gourm    .   F - +1 buckler
rNeg     . . .     Faith    .   v - +0 scale mail (curse)
rPois    .         Spirit   .   (helmet unavailable)
rElec    .         Reflect  +   (no cloak)
rCorr    .         Harm     .   (no gloves)
MR       .....                  (no boots)
Stlth    ..........             j - +5 amulet of reflection
HPRegen  0.18/turn              l - ring of protection from cold
MPRegen  0.12/turn              (no ring)

@: no status effects
A: permanent stasis, dig shafts and tunnels, four strong arms, antennae 3
a: Dig, Shaft Self, Depart the Abyss, Bend Space, Renounce Religion


You were on level 4 of the Dungeon.
You worshipped Lugonu.
Lugonu was pleased with you.
You were hungry.

You visited 1 branch of the dungeon, and saw 4 of its levels.
You visited the Abyss 1 time.

You collected 170 gold pieces.

Inventory:

Hand Weapons
 a - a +1 hand axe (weapon)
 q - a +2 dagger of venom
 y - a +0 flail
Missiles
 d - 32 arrows
 f - 17 sling bullets
 t - 41 stones (quivered)
Armour
 v - a cursed +0 scale mail (worn)
 E - a +1 leather armour of poison resistance
 F - a +1 buckler (worn)
Jewellery
 j - a +5 amulet of reflection (around neck)
 l - a ring of protection from cold (left hand)
 D - a cursed ring of positive energy {unknown}
Wands
 r - a wand of iceblast (10)
 w - a wand of flame (16)
Scrolls
 e - a scroll of enchant weapon {unknown}
 h - 2 scrolls of remove curse {unknown}
 k - 2 scrolls of magic mapping {unknown}
 n - a scroll of blinking {unknown}
 p - a scroll of fear {unknown}
 s - 2 scrolls of enchant armour
 x - a scroll of random uselessness {unknown}
 A - a scroll of fog {unknown}
 B - a scroll of teleportation {unknown}
Potions
 b - 2 potions of curing {unknown}
 g - a potion of haste {unknown}
 i - a potion of agility
 m - 2 potions of lignification
 o - a potion of ambrosia {unknown}
 u - a potion of heal wounds
 z - a potion of cancellation {unknown}
 C - a potion of mutation {unknown}
Comestibles
 c - 13 rations


   Skills:
 + Level 4.7 Fighting
 + Level 3.5 Axes
 + Level 3.9 Armour
 + Level 2.6 Dodging
 * Level 0.0 Shields
 + Level 4.2 Invocations


You had 6 spell levels left.
You didn't know any spells.
Your spell library was empty.

Dungeon Overview and Level Annotations

Branches:
Dungeon (4/15)
 Temple: D:4-7

Altars:
Ashenzari
Ru

Annotations:
D:3 Edmund
D:4 2 runed translucent doors, Menkaure; makkenr95's ghost, amateur MiFi


Innate Abilities, Weirdness & Mutations

You cannot be hasted, slowed, berserked, paralysed or teleported.
You can dig through walls and to a lower floor.
Your four strong arms can wield two-handed weapons with a shield.
You have a pair of large antennae on your head. (SInv)


Message History

You hit Menkaure but do no damage.
Menkaure is heavily damaged.
Menkaure mumbles some strange words.
Menkaure seems to speed up.
You hit Menkaure.
Menkaure is severely damaged.
Menkaure calls on the powers of darkness!
Your body is wracked with pain!
You hit Menkaure but do no damage.
Menkaure is severely damaged.
Menkaure calls on the powers of darkness!
Your body is wracked with pain!
* * * LOW HITPOINT WARNING * * *
You hit Menkaure.
Menkaure is severely damaged.
Menkaure murmurs, "It doesn't hurt if you pull your brain out of your nose yourself."
Menkaure hits you.
* * * LOW HITPOINT WARNING * * *
Menkaure hits you!
You die...

............#####.
...................
..#............#...
.........#..#### .#
........##..# .# .
.....#..###.### .## #.#
#..###.###....###..#..#
##..#..##...#...#...#
#....##..####.@M.# ##
#.........####..## .#
##..#............# ##.###
##..##.########...####....###
.....#.## ##............##
###.....## #.##...........## #
##.....# ##...............##
##.....## ##.................#
#..##...###..................#


You could see Menkaure.

Vanquished Creatures
  Blork the orc (D:4)
  A bullfrog skeleton (D:4)
  A hound (D:4)
  An orc priest (D:3)
  An orc wizard (D:3)
  A worker ant (D:4)
  Natasha (twice) (D:3)
  Terence (D:2)
  Robin (D:2)
  3 adders
  An ooze (D:4)
  An adder skeleton (D:4)
  A worm (D:4)
  2 leopard geckos
  10 orcs (D:3)
  7 bats
  2 giant cockroaches
  12 goblins
  8 hobgoblins
  5 kobolds
  2 ball pythons (D:3)
  8 frilled lizards
  5 rats
77 creatures vanquished.

Vanquished Creatures (others)
  A plant (D:3)
1 creature vanquished.

Grand Total: 78 creatures vanquished

Notes
Turn   | Place    | Note
-------+----------+-------------------------------------------
     0 | Abyss:1  | Descartes the Formicid Abyssal Knight began the quest for
                  | the Orb.
     0 | Abyss:1  | Reached XP level 1. HP: 18/18 MP: 2/2
    46 | Abyss:1  | Noticed a soul eater
    47 | Abyss:1  | Noticed a large abomination
    52 | D:1      | Escaped the Abyss
   254 | D:1      | Reached XP level 2. HP: 24/24 MP: 3/3
   268 | D:1      | Reached * piety under Lugonu
   268 | D:1      | Reached skill level 1 in Dodging
   514 | D:2      | Noticed Robin
   613 | D:2      | Reached XP level 3. HP: 12/30 MP: 3/5
  1047 | D:2      | Killed Robin
  1047 | D:2      | Reached XP level 4. HP: 35/37 MP: 6/6
  1284 | D:2      | Noticed Terence
  1298 | D:2      | Killed Terence
  1705 | D:3      | Noticed Natasha
  1714 | D:3      | Killed Natasha
  1714 | D:3      | Reached XP level 5. HP: 42/42 MP: 7/7
  1813 | D:3      | Found a sacrificial altar of Ru.
  2371 | D:3      | Found a shattered altar of Ashenzari.
  2387 | D:3      | Reached ** piety under Lugonu
  2387 | D:3      | Reached XP level 6. HP: 39/48 MP: 8/8
  2551 | D:3      | Saw a vision of the Swamp and the Snake Pit.
  2551 | D:3      | Noticed an alligator
  2551 | D:3      | Noticed a naga sharpshooter
  2551 | D:3      | Noticed a naga mage
  2551 | D:3      | Noticed a mana viper
  2551 | D:3      | Noticed a naga
  2551 | D:3      | Noticed a mana viper
  2551 | D:3      | Noticed a mana viper
  2551 | D:3      | Noticed a naga warrior
  2551 | D:3      | Noticed a naga
  2551 | D:3      | Noticed a naga
  2551 | D:3      | Noticed a guardian serpent
  2551 | D:3      | Noticed a naga
  2552 | D:3      | Noticed a naga sharpshooter
  2552 | D:3      | Noticed a naga sharpshooter
  2553 | D:3      | Noticed a swamp drake
  2553 | D:3      | Noticed a naga mage
  3343 | D:3      | Noticed Natasha
  3350 | D:3      | Killed Natasha
  3556 | D:4      | Noticed Edmund
  3560 | D:4      | Noticed Blork the orc
  4252 | D:4      | Killed Blork the orc
  4458 | D:4      | Reached XP level 7. HP: 50/55 MP: 10/10
  4540 | D:4      | Found a runed translucent door.
  4541 | D:4      | Noticed makkenr95's ghost (amateur MiFi)
  4575 | D:4      | Found a runed translucent door.
  5082 | D:4      | Noticed Menkaure
  5094 | D:4      | Slain by Menkaure

Skill      XL: |  1  2  3  4  5  6 |
---------------+-------------------+-----
Dodging        | 1 2 |  2.6
Invocations    | 3 4 |  4.2
Fighting       | 4 |  4.7
Armour         | 3 |  3.9
Axes           | 3 |  3.5

Action                   |  1- 3 |  4- 6 |  7- 9 || total
-------------------------+-------+-------+-------++-------
Melee: Hand axe          |    70 |   220 |    43 ||   333
Invok: Depart the Abyss  |     1 |       |       ||     1
       Bend Space        |       |     1 |       ||     1
 Abil: Dig               |     1 |     2 |       ||     3
  Use: Scroll            |       |     3 |     1 ||     4
  Eat: Chunk             |       |    12 |     1 ||    13
Armor: Leather armour    |    23 |     3 |       ||    26
       Ring mail         |       |    71 |       ||    71
       Scale mail        |       |     8 |    12 ||    20
Dodge: Dodged            |    47 |   145 |    19 ||   211
Block: Buckler           |       |       |     7 ||     7
